 Dungeon Crawl Stone Soup version 0.32-a0-876-gcfddb08e57 (webtiles) character file.

Game seed: 8589878392297037693

118729 nel the Spry (level 17, -4/104 HPs)
             Began as a Kobold Reaver on Apr 1, 2024.
             Was the Champion of Wu Jian.
             Slain by an eight-headed hydra (8 damage)
             ... on level 4 of the Swamp on Apr 3, 2024.
             The game lasted 04:23:32 (34585 turns).

nel the Spry (Kobold Reaver)                       Turns: 34585, Time: 04:23:33

Health: -4/104     AC: 17    Str: 15    XL:     17   Next: 32%
Magic:  14/21      EV: 11    Int: 22    God:    Wu Jian [******]
Gold:   808        SH:  0    Dex: 14    Spells: 3/22 levels left

rFire   . . .        i - +7 rapier of the Wilderness {speed, Will+}
rCold   . . .        (no shield)
rNeg    . . .        H - +0 swamp dragon scales
rPois   +            g - +2 helmet
rElec   .            s - +0 cloak
rCorr   .            q - +0 pair of gloves
SInv    .            x - +1 pair of boots
Will    ++...        C - amulet of regeneration
Stlth   ++++++       j - ring of flight
HPRegen 1.17/turn    N - +6 ring of strength
MPRegen 0.17/turn

%: no passive effects
@: mighty, grasped by roots, flying, constricted, studying 2 skills
A: small, no large weapons, nightstalker 3
a: Renounce Religion, Wall Jump, Serpent's Lash, Heavenly Storm


You were on level 4 of the Swamp.
You worshipped Wu Jian.
Wu Jian was exalted by your worship.
You visited 5 branches of the dungeon, and saw 25 of its levels.
You also visited: Sewer and Bailey.

You collected 3324 gold pieces.
You spent 2516 gold pieces at shops.

Inventory:

Hand Weapons
 i - the +7 rapier of the Wilderness (weapon) {speed, Will+}
   (You acquired it on level 10 of the Dungeon)

   Will+:     It increases your willpower.
 P - the +7 rapier of Hepliaklqana's Esteem {speed, rF+ rC+ Int+3 SInv}
   (You took it off Josephine on level 5 of the Lair of Beasts)

   Int+3:     It affects your intelligence (+3).
   rF+:       It protects you from fire.
   rC+:       It protects you from cold.
   SInv:      It lets you see invisible.
Missiles
 b - 5 darts of dispersal
 k - 9 atropa-tipped darts
 v - 62 poisoned darts
 A - 11 datura-tipped darts (quivered)
 M - 13 curare-tipped darts
 U - a throwing net
Armour
 g - a +2 helmet (worn)
 q - a +0 pair of gloves (worn)
 s - a +0 cloak (worn)
 x - a +1 pair of boots (worn)
 H - +0 swamp dragon scales (worn)
 I - +3 acid dragon scales
Jewellery
 j - a ring of flight (left hand)
 r - a ring of protection from cold
 w - a +6 ring of intelligence
 C - an amulet of regeneration (around neck)
 N - a +6 ring of strength (right hand)
 W - a ring of magical power
Wands
 o - a wand of charming (1)
 E - a wand of light (5)
 K - a wand of warping (12)
 R - a wand of digging (2)
 S - a wand of flame (9)
Scrolls
 e - 2 scrolls of enchant weapon
 h - a scroll of amnesia
 l - 6 scrolls of poison
 y - 12 scrolls of teleportation
 D - a scroll of silence
 F - a scroll of torment
 J - 4 scrolls of revelation
 L - 3 scrolls of fog
 V - 3 scrolls of immolation
 X - 10 scrolls of identify
 Y - 5 scrolls of vulnerability
Potions
 c - 10 potions of mutation
 f - 2 potions of haste
 m - 4 potions of curing
 n - 2 potions of cancellation
 t - 4 potions of lignification
 u - a potion of resistance
 z - a potion of ambrosia
 B - 3 potions of berserk rage
 G - a potion of heal wounds
 O - 2 potions of brilliance
 Q - 2 potions of attraction
 T - a potion of magic
 Z - 2 potions of enlightenment
Miscellaneous
 d - a tin of tremorstones (2/2)


   Skills:
 + Level 11.0 Fighting
 - Level 14.0 Short Blades
 + Level 7.0 Armour
 + Level 19.0 Dodging
 - Level 14.0 Stealth
 - Level 3.2 Spellcasting
 + Level 10.9 Conjurations
 - Level 10.0 Translocations
 - Level 3.0 Ice Magic
 * Level 9.9 Air Magic


You had 3 spell levels left.
You knew the following spells:

 Your Spells              Type           Power      Damage    Failure   Level
a - Kiss of Death         Conj/Necr      100%       2d13      2%          1
b - Momentum Strike       Conj/Tloc      98%        3d10      1%          2
c - Arcjolt               Conj/Air       24%        1d34      9%          5
d - Iskenderun's Mystic   Conj/Tloc      49%        2d11      (+2d53%     4
e - Blink                 Tloc           94%        N/A       1%          2
f - Magic Dart            Conj           100%       1d8       1%          1
g - Vhi's Electric Charg  Tloc/Air       94%        N/A       3%          4

Your spell library contained the following spells:

 Spells                   Type           Power      Damage    Failure   Level
 Lesser Beckoning         Tloc           94%        N/A       1%          2
 Teleport Other           Tloc           47%        N/A       1%          3
 Hailstorm                Conj/Ice       34%        3d8       3%          3
 Ensorcelled Hibernation  Hex/Ice        20%        N/A       19%         2
 Summon Small Mammal      Summ           12%        N/A       22%         1
 Call Imp                 Summ           6%         N/A       32%         2
 Call Canine Familiar     Summ           3%         N/A       54%         3
 Fugue of the Fallen      Necr           3%         N/A       54%         3
 Sigil of Binding         Hex            3%         N/A       54%         3
 Tukima's Dance           Hex            3%         N/A       54%         3
 Maxwell's Portable Pile  Tloc           47%        2d(12-24) 3%          4
 Iskenderun's Battlesphe  Conj           51%        2d10      7%          5
 Dimensional Bullseye     Hex/Tloc       12%        N/A       28%         4
 Anguish                  Hex/Necr       1%         N/A       91%         4
 Ignite Poison            Fire/Alch      3%         N/A       91%         4
 Leda's Liquefaction      Alch/Erth      1%         N/A       91%         4
 Sticky Flame             Fire/Alch      3%         2d4       91%         4
 Summon Blazeheart Golem  Fire/Summ      3%         N/A       91%         4
 Bombard                  Conj/Erth      13%        9d3       98%         6
 Lee's Rapid Deconstruct  Erth           1%         3d4*      99%         5
 Plasma Beam              Fire/Air       12%        2x1d23    99%         6
 Permafrost Eruption      Ice/Erth       5%         2x4d2     100%        6
 Sculpt Simulacrum        Ice/Alch       5%         N/A       100%        6
 Malign Gateway           Summ/Tloc      12%        N/A       100%        7
 Ozocubu's Refrigeration  Ice            8%         4d9       100%        7
 Spellforged Servitor     Conj/Summ      13%        N/A       100%        7
 Ignition                 Fire           1%         3d3       100%        8
 Summon Horrible Things   Summ           1%         N/A       100%        8
 Polar Vortex             Ice            8%         12d1*     100%        9


Dungeon Overview and Level Annotations

Branches:
Dungeon (13/15)            Temple (1/1) D:7            Lair (5/5) D:8
  Swamp (4/4) Lair:2       Spider (0/4) Lair:2        Slime (0/5) Lair:5
    Orc (2/2) D:11            Elf (0/3) Orc:2         Sewer (visited)
 Bailey (visited)
 Vaults: D:13-14

Altars:
Ashenzari
Cheibriados
Dithmenos
Elyvilon
Fedhas
Gozag
Hepliaklqana
Kikubaaqudgha
Makhleb
Nemelex Xobeh
Okawaru
Qazlal
Ru
Sif Muna
Trog
Uskayaw
Vehumet
Wu Jian
Xom
Yredelemnul
Zin
The Shining One
Beogh
Jiyva

Shops:
D:3 (!?:   D:11 [*!(   Orc:1 [   Orc:2 ::=*?

Annotations:
Lair:1 exclusion: downstairs


Innate Abilities, Weirdness & Mutations

You are small and have problems with some larger weapons.
You are completely attuned to the shadows.


Message History

The grasping roots constrict you.
Unknown command.
Casting: Vhi's Electric Charge (dangerous; 3% risk of failure)
Confirm with . or Enter, or press ? or * to list all spells.
Electricity surges outward!
The shambling mangrove is struck by an electric surge!
The shambling mangrove is moderately damaged.
The eight-headed hydra is struck by an electric surge.
The eight-headed hydra is lightly wounded.
The eight-headed hydra bites you!
The eight-headed hydra bites you but does no damage.
The eight-headed hydra barely misses you.
The eight-headed hydra bites you!
The eight-headed hydra bites you but does no damage. x2
The eight-headed hydra bites you! x2
The shambling mangrove is engulfed in a cloud of scalding steam.
The shambling mangrove closely misses you.
The grasping roots constrict you.
Unknown command.
You impale the shambling mangrove!!
The shambling mangrove is heavily damaged.
You puncture the shambling mangrove!
The shambling mangrove is severely damaged.
The eight-headed hydra bites you!
* * * LOW HITPOINT WARNING * * *
The eight-headed hydra barely misses you. x2
The eight-headed hydra bites you but does no damage.
The eight-headed hydra closely misses you.
The eight-headed hydra completely misses you.
The eight-headed hydra bites you but does no damage. x2
You feel much better. The shambling mangrove hits you!!
* * * LOW HITPOINT WARNING * * *
The grasping roots constrict you!
* * * LOW HITPOINT WARNING * * *
The eight-headed hydra bites you!
* * * LOW HITPOINT WARNING * * *
The eight-headed hydra bites you!
* * * LOW HITPOINT WARNING * * *
The eight-headed hydra bites you!
You die...

~~♣♣ ####D.†# #..... ♣♣...~ ..♣♣
#~~~..~# #≈†.# ♣♣♣♣♣ ~♣.♣
≈.§#°°## #≈~# ♣ ♣.♣♣ ≈. #~f# #..#
♣ ♣.♣ . #.≈## ##..# ♣♣♣ .†♣♣
##D≈## ##.~## ♣♣~. ~~~♣
##f~#####~.## ♣~~♣ ~~♣♣
##.~~.§D§## ♣♣♣♣ ~~♣ ##≈~.@f##
♣♣~ ~.♣ ##~≈§## ♣♣.. .~♣ #.≈÷#
♣.~. .♣♣ #...# #♣♣♣♣~~~ ~~♣
♣♣[÷.♣♣ ♣♣♣♣♣÷..~~~~ ~~♣ ♣♣♣
♣♣♣~....♣♣♣♣.÷♣♣.~~~§~. ~~♣♣♣♣♣~♣
♣......÷÷♣...~...~~~~~~
..~.~~~.♣♣♣....~..÷..♣~~~.~~~~~~~
♣♣♣.~~~..♣♣♣.~~~♣♣÷[..~~~..~..~.<


You could see a shambling mangrove and an eight-headed hydra.

Vanquished Creatures
  A thorn hunter (Swamp:4)
  A fenstrider witch (Swamp:3)
  A ghoul (Swamp:4)
  The ghost of redkitty the Peltast, a journeyman FoHu of Hepliaklqana (Orc:2)
  5 bunyips
  An ettin (D:11)
  Josephine (Lair:5)
  A shambling mangrove (Swamp:1)
  The ghost of Ikimono the Sorcerer, a journeyman DEAE of Vehumet (Lair:3)
  27 hydras
  12 alligators
  A catoblepas (Lair:5)
  2 boulder beetles (D:11)
  3 two-headed ogres
  A death yak (Lair:2)
  4 orc high priests (Orc:2)
  A spriggan berserker (Swamp:4)
  19 spriggans
  4 skeletal warriors
  5 goliath frogs
  A skyshark (Lair:2)
  4 spriggan druids
  8 swamp dragons
  5 bog bodies
  6 orc knights (Orc:2)
  A deep elf pyromancer (D:12)
  3 steelbarb worms (Swamp:2)
  An orc sorcerer (Orc:2)
  3 oklob plants
  An ugly thing (D:11)
  2 cyclopes
  2 will-o-the-wisps
  3 elephants (Lair:5)
  5 black mambas
  13 cane toads
  A kobold blastminer (Orc:2)
  A manticore (D:12)
  An unseen horror (D:11)
  3 rime drakes
  6 komodo dragons
  Psyche (D:9)
  2 bloated husks
  12 tyrant leeches
  7 polar bears
  6 trolls
  Grinder (D:4)
  Prince Ribbit (D:5)
  12 hornets
  8 dream sheep
  26 blink frogs
  5 shadows
  2 wyverns
  6 wraiths
  30 yaks
  7 vampire mosquitoes
  A warg (Orc:1)
  2 redbacks (Lair:2)
  4 basilisks
  Edmund (D:4)
  2 acid dragons
  27 swamp worms
  22 water moccasins
  31 orc warriors
  4 black bears
  11 swamp drakes
  A sky beast (D:7)
  An ice beast (D:4)
  4 ogres
  33 wolves
  A crocodile (Sewer)
  2 centaurs
  3 boggarts (Lair:5)
  15 kobold brigands
  2 phantoms (D:5)
  A weeping skull (D:9)
  11 bullfrogs
  A gnoll sergeant (D:9)
  14 wights
  21 killer bees
  9 howler monkeys
  4 electric eels (Lair:1)
  2 bombardier beetles
  22 orc priests
  3 jellies
  2 gnoll boudas
  Crazy Yiuf (D:4)
  Jessica (D:2)
  4 iguanas
  Ijyb (D:4)
  16 hell rats
  19 orc wizards
  Robin (D:4)
  11 adders
  12 gnolls
  A river rat (Sewer)
  4 white imps
  4 dart slugs
  3 ribbon worms (Sewer)
  64 orcs
  6 endoplasms
  8 giant cockroaches
  21 goblins
  9 hobgoblins
  5 jackals
  6 quokkas
  7 ball pythons
  7 bats
  2 frilled lizards
  43 kobolds
  11 rats
  A spectral orc (D:9)
813 creatures vanquished.

Vanquished Creatures (collateral kills)
  An orc high priest (Orc:2)
  An elephant (Lair:5)
  An orc warrior (Orc:2)
3 creatures vanquished.

Vanquished Creatures (others)
  An elephant (Lair:5)
  A bloated husk (Swamp:4)
2 creatures vanquished.

Grand Total: 818 creatures vanquished

Notes
Turn   | Place    | Note
-------+----------+-------------------------------------------
     0 | D:1      | nel the Kobold Reaver began the quest for the Orb.
     0 | D:1      | Reached XP level 1. HP: 12/12 MP: 3/3
   218 | D:1      | Reached XP level 2. HP: 16/17 MP: 5/5
   592 | D:1      | Reached skill level 3 in Dodging
   644 | D:1      | Reached skill level 5 in Short Blades
   644 | D:1      | Reached XP level 3. HP: 21/21 MP: 6/6
  1005 | D:2      | Found a faded altar of an unknown god.
  1171 | D:2      | Reached XP level 4. HP: 15/26 MP: 7/7
  1755 | D:2      | Noticed Jessica
  1767 | D:2      | Killed Jessica
  1865 | D:2      | Reached XP level 5. HP: 24/24 MP: 8/8
  2483 | D:3      | Found Miukk's Weapon Shoppe.
  2492 | D:3      | Found Mopt's Distillery.
  2509 | D:3      | Learned a level 2 spell: Momentum Strike
  2513 | D:3      | Learned a level 3 spell: Hailstorm
  2568 | D:3      | Bought a potion of curing for 36 gold pieces
  2568 | D:3      | Bought a potion of enlightenment for 60 gold pieces
  2568 | D:3      | Bought a potion of mutation for 96 gold pieces
  2667 | D:3      | Found Ohaer's Magic Scroll Emporium.
  2835 | D:3      | Found Omaemul's Book Emporium.
  2971 | D:3      | Identified the +7 spear of Courage {heavy, *Corrode rPois
                  | rF+ Dex+3}
  2971 | D:3      | Noticed a kobold brigand
  3018 | D:3      | Noticed a kobold brigand
  3049 | D:3      | Bought a scroll of teleportation for 42 gold pieces
  3292 | D:3      | Killed a kobold brigand
  3293 | D:3      | Reached skill level 4 in Dodging
  3293 | D:3      | Reached skill level 1 in Ice Magic
  3293 | D:3      | Reached XP level 6. HP: 12/30 MP: 6/9
  3732 | D:4      | Found a glowing drain.
  3740 | Sewer    | Entered a sewer
  3842 | Sewer    | Reached XP level 7. HP: 11/38 MP: 7/10
  4134 | Sewer    | Reached skill level 5 in Dodging
  4621 | D:4      | Noticed Grinder
  4840 | D:4      | Noticed Robin
  4860 | D:4      | Killed Robin
  5037 | D:4      | Noticed Ijyb
  5051 | D:4      | Killed Ijyb
  5208 | D:4      | Noticed Edmund
  5228 | D:4      | Killed Edmund
  5229 | D:4      | Reached skill level 5 in Conjurations
  5229 | D:4      | Reached XP level 8. HP: 33/44 MP: 8/11
  5478 | D:4      | Paralysed by Grinder for 3 turns
  5486 | D:4      | Killed Grinder
  5487 | D:4      | Reached skill level 6 in Dodging
  6029 | D:4      | Found a runed translucent door.
  6032 | D:4      | Noticed Crazy Yiuf
  6043 | D:4      | Killed Crazy Yiuf
  6128 | D:5      | Entered Level 5 of the Dungeon
  6515 | D:5      | Reached skill level 7 in Dodging
  6515 | D:5      | Reached XP level 9. HP: 48/48 MP: 8/12
  6549 | D:5      | Found a broken altar of Ashenzari.
  6909 | D:5      | Noticed Prince Ribbit
  6918 | D:5      | Killed Prince Ribbit
  7285 | D:6      | Reached skill level 10 in Short Blades
  7285 | D:6      | Reached skill level 8 in Dodging
  7758 | D:6      | Identified the +6 whip "Ymom" {holy, rElec}
  7760 | D:6      | Found a blossoming altar of Fedhas.
  7972 | D:6      | Reached skill level 9 in Dodging
  8301 | D:7      | Found a staircase to the Ecumenical Temple.
  8307 | Temple   | Entered the Ecumenical Temple
  8326 | Temple   | Became a worshipper of the Wu Jian Council
  8426 | D:7      | Reached XP level 10. HP: 53/53 MP: 13/13
  8745 | D:7      | Reached skill level 10 in Dodging
  8827 | D:7      | Found a glowing silver altar of Zin.
  8870 | D:7      | Found a white marble altar of Elyvilon.
  8931 | D:7      | Found a sparkling altar of Nemelex Xobeh.
  8931 | D:7      | Found a burning altar of Makhleb.
  9176 | D:7      | Identified the +10 trident "Niguetism" {heavy, rElec Int+5}
  9851 | D:8      | Reached * piety under Wu Jian
  9852 | D:8      | Reached skill level 1 in Stealth
 10456 | D:8      | Learned a level 4 spell: Iskenderun's Mystic Blast
 10459 | D:8      | Learned a level 2 spell: Blink
 10602 | D:8      | Reached ** piety under Wu Jian
 10641 | D:8      | Found a staircase to the Lair.
 10693 | D:8      | Reached skill level 1 in Translocations
 11080 | D:9      | Noticed Psyche
 11085 | D:9      | Killed Psyche
 11213 | D:9      | Found a sacrificial altar of Ru.
 11255 | D:9      | Reached skill level 11 in Dodging
 11483 | D:9      | Reached XP level 11. HP: 41/57 MP: 11/14
 11531 | D:9      | Found a basalt altar of Yredelemnul.
 11731 | D:9      | Reached skill level 5 in Stealth
 12123 | D:10     | Entered Level 10 of the Dungeon
 12125 | D:10     | Identified a scroll of acquirement
 12145 | D:10     | Acquired the +7 rapier of the Wilderness {speed, Will+}
 12328 | D:10     | Noticed a two-headed ogre
 12331 | D:10     | Killed a two-headed ogre
 12690 | D:10     | Found an opulent altar of Gozag.
 12720 | D:10     | Found a flagged portal.
 12728 | Bailey   | Entered a bailey
 12779 | Bailey   | Reached *** piety under Wu Jian
 12898 | Bailey   | Identified the +10 plate armour "Yvaesas" {rElec rF+ rN+
                  | Dex+3}
 13122 | Bailey   | Found a burning altar of Makhleb.
 13453 | D:11     | Found a staircase to the Orcish Mines.
 13529 | D:11     | Noticed a boulder beetle
 13532 | D:11     | Noticed a boulder beetle
 13674 | Lair:1   | Entered Level 1 of the Lair of Beasts
 13932 | Lair:1   | Found a gate leading to a gauntlet.
 13988 | Lair:1   | Reached skill level 10 in Conjurations
 13995 | Lair:1   | Reached skill level 12 in Dodging
 14216 | Lair:1   | Reached XP level 12. HP: 41/62 MP: 15/15
 14281 | Lair:1   | Reached skill level 5 in Translocations
 14704 | Lair:1   | Reached **** piety under Wu Jian
 14763 | Lair:2   | Noticed a skyshark
 14779 | Lair:2   | Killed a skyshark
 14781 | Lair:2   | Noticed a four-headed hydra
 14877 | Lair:2   | Found a staircase to the Swamp.
 14912 | Lair:1   | Learned a level 1 spell: Magic Dart
 15374 | Lair:2   | Reached skill level 13 in Dodging
 15625 | D:11     | Killed a boulder beetle
 15626 | D:11     | Reached skill level 10 in Stealth
 15850 | D:11     | Found Ereleufi's Armour Shoppe.
 15979 | D:11     | Killed a boulder beetle
 16175 | D:11     | Found Xoishrid's Assorted Antiques.
 16345 | D:11     | Found Reagud's Distillery.
 16361 | D:11     | Bought a potion of heal wounds for 65 gold pieces
 16361 | D:11     | Bought 2 potions of heal wounds for 130 gold pieces
 16558 | D:11     | Reached skill level 14 in Dodging
 16785 | D:3      | Reached XP level 13. HP: 49/66 MP: 16/16
 16976 | Orc:1    | Entered Level 1 of the Orcish Mines
 17166 | D:11     | Found Bieppidu's Antique Weapon Boutique.
 17235 | Orc:1    | Noticed an ettin
 17280 | D:11     | Killed an ettin
 17374 | Orc:1    | Reached ***** piety under Wu Jian
 17534 | Orc:1    | Found Dicka's Antique Armour Emporium.
 18006 | Orc:1    | Found a roughly hewn altar of Beogh.
 18153 | Orc:2    | Entered Level 2 of the Orcish Mines
 18205 | Orc:2    | Found a runed translucent gate.
 18206 | Orc:2    | Found a runed translucent gate.
 18207 | Orc:2    | Found a runed translucent gate.
 18214 | Orc:2    | Noticed a minotaur
 18271 | Orc:2    | Noticed redkitty's ghost (journeyman FoHu)
 18361 | Orc:2    | Found a staircase to the Elven Halls.
 18408 | Orc:2    | Found Fyrunniu's Magic Scroll Emporium.
 18971 | Orc:2    | Reached skill level 5 in Fighting
 19103 | Orc:2    | Reached skill level 15 in Dodging
 19910 | Orc:2    | Found Qekenichiz's Jewellery Boutique.
 19910 | Orc:2    | Found Xahily's Assorted Antiques.
 19911 | Orc:2    | Found Eloshruelo's Book Boutique.
 19912 | Orc:2    | Found Dyqufeig's Book Shop.
 19927 | Orc:2    | Bought a book of Lightning for 576 gold pieces
 20380 | D:12     | Reached XP level 14. HP: 84/84 MP: 17/17
 20654 | D:12     | Reached skill level 16 in Dodging
 21264 | D:13     | Found a white marble altar of Elyvilon.
 21556 | Lair:1   | Learned a level 4 spell: Maxwell's Portable Piledriver
 22152 | Lair:2   | Found a hole to the Spider Nest.
 22334 | Lair:2   | Identified the +2 shortbow of the Unstoppable Knives
                  | {antimagic, rF+ Int+5 SInv}
 22713 | Lair:3   | Reached ****** piety under Wu Jian
 23401 | Lair:3   | Found a runed translucent gate.
 23521 | Lair:3   | Found a runed translucent gate.
 23522 | Lair:3   | Found a runed translucent gate.
 23658 | Lair:3   | Noticed Ikimono's ghost (journeyman DEAE)
 23949 | Lair:3   | Killed Ikimono's ghost
 25546 | Lair:4   | Reached skill level 17 in Dodging
 25644 | Lair:5   | Entered Level 5 of the Lair of Beasts
 25659 | Lair:4   | Learned a level 4 spell: Vhi's Electric Charge
 25704 | Lair:5   | Noticed Josephine
 25733 | Lair:4   | Reached XP level 15. HP: 61/86 MP: 2/18
 25845 | Lair:5   | Reached skill level 1 in Air Magic
 25879 | Lair:5   | Reached skill level 10 in Translocations
 26847 | Lair:5   | Learned a level 5 spell: Arcjolt
 26988 | Lair:5   | Identified the +7 rapier of Hepliaklqana's Esteem {speed,
                  | rF+ rC+ Int+3 SInv}
 27012 | Lair:5   | Killed Josephine
 27383 | Lair:5   | Found a viscous altar of Jiyva.
 27384 | Lair:5   | Found a staircase to the Slime Pits.
 28153 | Orc:2    | Bought a manual of Armour for 1280 gold pieces
 28309 | Orc:2    | Killed redkitty's ghost
 28310 | Orc:2    | Reached skill level 5 in Air Magic
 28637 | D:3      | Bought a scroll of enchant armour for 105 gold pieces
 28637 | D:3      | Bought a scroll of teleportation for 42 gold pieces
 28637 | D:3      | Bought a scroll of teleportation for 42 gold pieces
 28637 | D:3      | Bought a scroll of teleportation for 42 gold pieces
 28775 | Swamp:1  | Entered Level 1 of the Swamp
 28817 | Lair:2   | Reached skill level 1 in Armour
 29040 | Lair:2   | Reached skill level 18 in Dodging
 29959 | Swamp:1  | Reached XP level 16. HP: 96/96 MP: 1/20
 31572 | Swamp:2  | Reached skill level 10 in Fighting
 31936 | Swamp:3  | Reached skill level 5 in Armour
 32201 | Swamp:3  | Noticed a fenstrider witch
 32203 | Swamp:3  | Killed a fenstrider witch
 32867 | Swamp:4  | Entered Level 4 of the Swamp
 33445 | Swamp:4  | Noticed a thorn hunter
 33460 | Swamp:4  | Killed a thorn hunter
 33477 | Swamp:3  | Reached XP level 17. HP: 58/103 MP: 2/21
 34002 | Swamp:4  | Reached skill level 19 in Dodging
 34089 | Swamp:4  | Noticed a thorn hunter
 34585 | Swamp:4  | HP: 4/104 [eight-headed hydra (9)]
 34585 | Swamp:4  | Slain by an eight-headed hydra

Illustrated notes

Levels and vault maps discovered:
D:1:      dpeg_arrival_shelter, layout_basic, serial_forest,
          infiniplex_forest_clump_tiny, infiniplex_forest_clump_long,
          infiniplex_forest_lined_room_, infiniplex_forest_clump_tiny,
          infiniplex_forest_fountain, minmay_distorted
D:2:      layout_basic, ebering_ecumenical_altar_abandoned, serial_glass,
          glass_columns_a, glass_columns_b, st_stairs_1, uniq_jessica
D:3:      cheibrodos_thug_alley, layout_loops_ring, serial_shops, shop, shop,
          nicolae_shop_window_shopping, nicolae_shop_tiny_real_fake_doors
D:4:      layout_cave_pods, gup_sewer_entry_pipe, serial_column_ruins,
          column_ruins_hut, column_ruins_circle_medium, column_ruins_grid_3,
          column_ruins_corridor_straight, column_ruins_open_small, uniq_ijyb,
          uniq_robin, uniq_crazy_yiuf_cottage, uniq_grinder, uniq_edmund
D:5:      layout_loops_ring, mainiacjoe_overflow_small_starburst,
          minmay_misc_feat_cross, hangedman_decor_opposing, uniq_prince_ribbit1
D:6:      nicolae_cairo_tiling_large, layout_loops_ring, fedhas_ov_isle_minmay
D:7:      layout_basic, mainiacjoe_overflow_alcove_3, minmay_temple_entry_ruins,
          hangedman_abyss_or_decor_lesser_grid, kennysheep_small_spiral
D:8:      layout_loops_cross, lair_entry_dummy, glass_columns_c
D:9:      layout_basic, yredelemnul_forgotten_temple_becter,
          nicolae_ru_sacrificial_ziggurat, uniq_psyche
D:10:     layout_layer_cave, mainiacjoe_overflow_concentric_impassable,
          enter_bailey_3
D:11:     layout_loops_ring, orc_david_3, serial_shops,
          nicolae_shop_real_fake_doors, nicolae_shop_statue_plus, shop
D:12:     layout_loops_ring
D:13:     layout_rooms, hangedman_vaults_entry_quadrant_bands, special_room
          [special_room_bee], hangedman_feature_mirror, hangedman_aviary,
          uniq_erolcha
Temple:   nicolae_temple_ecumenical_triangle
Lair:1:   layout_hall_layers, gauntlet_entry_generic, nicolae_lair_lil_pond,
          minmay_holes, serial_bayou_lagoon_b
Lair:2:   minmay_lair_oklob_chamber, layout_cave_shapes, swamp_mist,
          spider_nest_entry_webs, portal_ice_cave_entry_pillars_2,
          grunt_megastairs_3, lemuel_fruit_fields, lemuel_fruit_tree
Lair:3:   layout_roguey, gammafunk_ghost_split
Lair:4:   layout_gridlike, hibernation_bobbens, infiniplex_staircase_pool_2
Lair:5:   minmay_lair_end_enchanted_forest, layout_long_grid,
          dpeg_slime_entry_enclosed, minivault_19, grunt_megastairs_5,
          uniq_josephine
Swamp:1:  nicolae_swamp_secret_spriggan_hideout, layout_basic_swamp,
          nicolae_swamp_tree_designs
Swamp:2:  layout_falls_marsh, nicolae_swamp_feature_on_the_river_bank,
          swamp_pool_4, nicolae_swamp_vermiculated
Swamp:3:  layout_falls_marsh, serial_swamp_ruin, hangedman_swamp_ruin_hall,
          evilmike_swamp_ruin_house_4, evilmike_swamp_ruin_house_5,
          swamp_pool_1_2
Swamp:4:  swamp_basic_johnstein, layout_basic_swamp
Orc:1:    layout_caves, serial_shops, shop, basic_altar,
          nicolae_orc_takin'_care_of_business
Orc:2:    st_orc_pillars, layout_diamond_mine, serial_shops,
          nicolae_shop_rolled_up, maelrawn_ghost_gauntlet_escape

Skill      XL: |  1  2  3  4  5  6  7  8  9 10 11 12 13 14 15 16 17 |
---------------+----------------------------------------------------+-----
Dodging        | 3 4 5 7 9 11 12 14 15 17 18 19 | 19.0
Short Blades   | 5 6 7 9 10 12 14 | 14.0
Ice Magic      | 1 2 3 |  3.0
Conjurations   | 4 5 6 7 9 10 | 10.9
Stealth        | 4 7 10 12 14 | 14.0
Translocations | 2 4 5 6 9 10 | 10.0
Fighting       | 8 9 10 11 | 11.0
Air Magic      | 6 9 |  9.9
Spellcasting   | 3 |  3.2
Armour         | 2 6 7 |  7.0

Action                     |  1- 3 |  4- 6 |  7- 9 | 10-12 | 13-15 | 16-18 || total
---------------------------+-------+-------+-------+-------+-------+-------++-------
  Melee: Short sword       |   169 |   102 |       |       |       |       ||   271
         Dagger            |       |    64 |   391 |   376 |       |       ||   831
         Rapier            |       |       |       |   505 |  1986 |   685 ||  3176
  Throw: Stone             |     2 |     1 |       |       |       |       ||     3
         Dart              |       |    12 |    30 |    16 |    31 |       ||    89
         Boomerang         |       |       |     5 |     9 |       |       ||    14
   Cast: Kiss of Death     |       |     5 |     1 |       |       |     1 ||     7
         Momentum Strike   |       |     2 |    27 |    27 |    10 |     3 ||    69
         Hailstorm         |       |       |    14 |    56 |    51 |       ||   121
         Iskenderun's Myst |       |       |       |    22 |    67 |    31 ||   120
         Blink             |       |       |       |     6 |     9 |     1 ||    16
         Magic Dart        |       |       |       |     4 |     4 |     4 ||    12
         Maxwell's Portabl |       |       |       |       |     4 |       ||     4
         Vhi's Electric Ch |       |       |       |       |    18 |    23 ||    41
         Arcjolt           |       |       |       |       |     5 |    19 ||    24
 Invoke: Serpent's Lash    |       |       |       |     1 |       |     1 ||     2
Ability: Lunge             |       |       |     2 |    46 |   132 |    69 ||   249
         Whirlwind         |       |       |       |    13 |    49 |    10 ||    72
         Wall Jump         |       |       |       |     2 |       |     1 ||     3
  Evoke: Wand              |       |     2 |    18 |    12 |    11 |    12 ||    55
         Tin of tremorston |       |       |       |       |     2 |       ||     2
    Use: Potion            |       |     4 |     3 |       |    10 |    13 ||    30
         Scroll            |       |     1 |     5 |    16 |    10 |     6 ||    38
   Stab: Sleeping          |     7 |     4 |    18 |    22 |    34 |    44 ||   129
         Invisible         |       |     1 |     3 |     3 |       |       ||     7
         Distracted        |       |     2 |       |       |     8 |     3 ||    13
 Armour: Leather armour    |    70 |    43 |   125 |    97 |       |       ||   335
         Acid dragon scale |       |       |       |   139 |   447 |   100 ||   686
         Skin              |       |       |       |       |    15 |    33 ||    48
         Swamp dragon scal |       |       |       |       |       |   262 ||   262
  Dodge: Dodged            |    92 |    81 |   186 |   452 |   841 |   492 ||  2144

Table legend: (Time is in decaauts)
 A = Elapsed time spent in this place.
 B = Non-inter-level travel time spent in this place.
 C = Inter-level travel time spent in this place.
 D = Time resting spent in this place.
 E = Time spent auto-exploring this place.
 F = Levels seen in this place.
 G = Mean time per level.
                   A        B        C        D        E       F      G
               +--------+--------+--------+--------+--------+-----+--------+
         Total |  32616 |  29874 |   2742 |   4124 |  19036 |  27 | 1208.0 |
       Dungeon |  15289 |  13532 |   1757 |   1083 |   9788 |  13 | 1176.1 |
        Temple |     36 |     20 |     16 |      0 |      0 |   1 |   36.0 |
          Lair |   8381 |   7856 |    525 |   1563 |   4564 |   5 | 1676.2 |
         Swamp |   4631 |   4419 |    212 |    902 |   2583 |   4 | 1157.8 |
  Orcish Mines |   3021 |   2791 |    230 |    248 |   1661 |   2 | 1510.5 |
         Sewer |    816 |    816 |      0 |    295 |    220 |   1 |  816.0 |
        Bailey |    439 |    439 |      0 |     32 |    219 |   1 |  439.0 |
               +--------+--------+--------+--------+--------+-----+--------+

Top non-repeatable levels by time:
   Orc:2: 2115 daAuts
  Lair:1: 2033 daAuts
  Lair:5: 1821 daAuts
     D:4: 1703 daAuts
  Lair:2: 1596 daAuts
  Lair:4: 1489 daAuts
  Lair:3: 1440 daAuts
     D:3: 1430 daAuts
 Swamp:3: 1420 daAuts
     D:9: 1386 daAuts
    D:10: 1318 daAuts
     D:7: 1303 daAuts
     D:2: 1299 daAuts
     D:8: 1275 daAuts
    D:11: 1207 daAuts
